[ AOE2 MATCH · #494657266 ]
UnrankedPoles vs Portuguese
Player's team · LOSS
[ REPLAY ANALYSIS · EXTRACTED FROM THE RECORDED GAME ]
Feudal
8:56
Castle
—
Imperial
—
| APM avg | 61.7 |
| APM peak | 120 |
| eAPM avg | 24.7 |
| Villagers / military | 48 / 6 |
Focus
⚔️ 46.3% · 🌾 53.7%
Scout Cavalry ×6
Feudal
10:50
Castle
14:39
Imperial
—
| APM avg | 64.3 |
| APM peak | 118 |
| eAPM avg | 27.6 |
| Villagers / military | 39 / 16 |
Focus
⚔️ 58.8% · 🌾 41.2%
Organ Gun ×16
Match map
Initial resources + every placement click. Lines = walls · curves = elevation contours. ◆ gold · ⬟ stone · ● berries · ✦ relic · ◌ wall gap
Your base· ✓ Closed at 19:34 · 77t walls · 3 gate(s)
RedPhosphoru's base· Open — unwalled flank
Smoothed initial terrain · ◌ = detected wall gap · hover for details
Inputs per minute
— Biry - - RedPhosphoru
Build order — Biry
123 actions detected in the replay
| 0:01 | Create | Villager (Male) |
| 0:01 | Create | Villager (Male) |
| 0:01 | Create | Villager (Male) |
| 0:02 | Create | Villager (Male) |
| 0:02 | Create | Villager (Male) |
| 0:03 | Build | House |
| 0:04 | Build | House |
| 1:28 | Create | Villager (Male) |
| 1:28 | Create | Villager (Male) |
| 1:43 | Build | Lumber Camp |
| 2:03 | Create | Villager (Male) |
| 2:03 | Create | Villager (Male) |
| 2:21 | Create | Villager (Male) |
| 2:22 | Create | Villager (Male) |
| 2:50 | Create | Villager (Male) |
| 3:08 | Create | Villager (Male) |
| 3:08 | Create | Villager (Male) |
| 3:33 | Create | Villager (Male) |
| 3:45 | Build | Mill |
| 3:58 | Create | Villager (Male) |
| 3:59 | Create | Villager (Male) |
| 4:33 | Create | Villager (Male) |
| 4:33 | Create | Villager (Male) |
| 4:57 | Create | Villager (Male) |
| 5:09 | Create | Villager (Male) |
| 5:40 | Create | Villager (Male) |
| 6:06 | Create | Villager (Male) |
| 6:37 | Build | House |
| 6:47 | Research | Feudal Age |
| 6:47 | Research | Feudal Age |
| 7:28 | Build | Barracks |
| 8:01 | Research | Loom |
| 8:37 | Build | House |
| 8:56 | Age | Feudal Age |
| 8:59 | Build | Stable |
| 8:59 | Research | Double-Bit Axe |
| 9:18 | Build | Watch Tower |
| 9:19 | Create | Villager (Male) |
| 9:27 | Create | Villager (Male) |
| 9:42 | Create | Scout Cavalry |
| 9:49 | Create | Villager (Male) |
| 9:56 | Build | House |
| 10:04 | Create | Scout Cavalry |
| 10:05 | Create | Scout Cavalry |
| 10:11 | Build | Farm |
| 10:20 | Build | Farm |
| 10:22 | Build | House |
| 10:30 | Build | Farm |
| 10:31 | Create | Villager (Male) |
| 10:31 | Create | Villager (Male) |
| 10:36 | Build | Palisade Wall |
| 10:36 | Build | Palisade Wall |
| 10:37 | Build | Palisade Wall |
| 10:37 | Build | Palisade Wall |
| 10:42 | Build | Farm |
| 10:55 | Build | Farm |
| 10:57 | Create | Villager (Male) |
| 10:57 | Create | Villager (Male) |
| 10:57 | Create | Villager (Male) |
| 10:57 | Create | Villager (Male) |
| 11:25 | Create | Villager (Male) |
| 11:29 | Build | Farm |
| 11:40 | Create | Scout Cavalry |
| 11:45 | Build | Palisade Wall |
| 11:47 | Build | Palisade Wall |
| 12:01 | Create | Villager (Male) |
| 12:05 | Build | Mining Camp |
| 12:16 | Create | Scout Cavalry |
| 12:29 | Research | Horse Collar |
| 12:29 | Research | Horse Collar |
| 12:41 | Build | Watch Tower |
| 12:44 | Create | Villager (Male) |
| 12:44 | Create | Villager (Male) |
| 12:51 | Build | Palisade Gate |
| 13:06 | Create | Villager (Male) |
| 13:24 | Create | Villager (Male) |
| 13:33 | Build | Mill |
| 13:46 | Create | Villager (Male) |
| 13:56 | Build | Palisade Wall |
| 13:57 | Build | Palisade Wall |
| 13:57 | Build | Palisade Wall |
| 14:08 | Create | Villager (Male) |
| 14:17 | Build | Farm |
| 14:39 | Create | Villager (Male) |
| 14:40 | Build | Farm |
| 14:41 | Build | Farm |
| 14:41 | Build | Farm |
| 15:17 | Create | Villager (Male) |
| 15:18 | Build | Farm |
| 15:32 | Create | Villager (Male) |
| 15:35 | Build | Farm |
| 15:40 | Build | Stone Wall |
| 15:44 | Build | Watch Tower |
| 15:47 | Create | Villager (Male) |
| 15:59 | Build | Blacksmith |
| 16:02 | Create | Scout Cavalry |
| 16:08 | Build | Stone Wall |
| 16:17 | Create | Villager (Male) |
| 16:22 | Build | Stone Wall |
| 16:24 | Build | Stone Wall |
| 16:34 | Create | Villager (Male) |
| 17:02 | Create | Villager (Male) |
| 17:07 | Build | Gate |
| 17:15 | Build | House |
| 17:16 | Build | House |
| 17:19 | Create | Villager (Male) |
| 17:51 | Build | Mining Camp |
| 18:14 | Build | Gate |
| 18:54 | Build | Stone Wall |
| 18:59 | Build | Market |
| 19:16 | Build | Stone Wall |
| 19:22 | Build | Stone Wall |
| 19:34 | Research | Castle Age |
| 19:34 | Research | Castle Age |
| 20:05 | Build | Farm |
| 20:06 | Build | Farm |
| 20:13 | Build | House |
| 20:14 | Build | House |
| 20:23 | Build | Watch Tower |
| 20:31 | Build | House |
| 20:35 | Build | House |
| 20:40 | Build | House |
| 20:49 | Build | Watch Tower |
Build order — RedPhosphoru
112 actions detected in the replay
| 0:00 | Create | Villager (Male) |
| 0:00 | Create | Villager (Male) |
| 0:02 | Build | House |
| 0:03 | Build | House |
| 0:07 | Create | Villager (Male) |
| 0:13 | Create | Villager (Male) |
| 1:12 | Create | Villager (Male) |
| 1:49 | Create | Villager (Male) |
| 2:17 | Create | Villager (Male) |
| 2:32 | Create | Villager (Male) |
| 2:50 | Create | Villager (Male) |
| 2:52 | Build | Lumber Camp |
| 3:06 | Create | Villager (Male) |
| 3:21 | Create | Villager (Male) |
| 3:43 | Build | House |
| 3:46 | Create | Villager (Male) |
| 4:20 | Create | Villager (Male) |
| 4:48 | Create | Villager (Male) |
| 4:54 | Build | Mill |
| 5:06 | Create | Villager (Male) |
| 5:23 | Build | House |
| 5:41 | Create | Villager (Male) |
| 5:44 | Create | Villager (Male) |
| 5:51 | Create | Villager (Male) |
| 6:00 | Create | Villager (Male) |
| 6:30 | Build | Mining Camp |
| 6:34 | Create | Villager (Male) |
| 6:41 | Create | Villager (Male) |
| 6:52 | Create | Villager (Male) |
| 6:56 | Build | Palisade Wall |
| 6:57 | Build | Palisade Wall |
| 6:57 | Build | Palisade Wall |
| 6:58 | Build | Palisade Wall |
| 6:58 | Build | Palisade Wall |
| 6:59 | Build | Palisade Wall |
| 7:10 | Build | Palisade Wall |
| 7:11 | Build | Palisade Wall |
| 7:15 | Create | Villager (Male) |
| 7:30 | Build | Palisade Wall |
| 7:57 | Research | Loom |
| 8:23 | Build | Palisade Wall |
| 8:24 | Build | Palisade Wall |
| 8:25 | Research | Feudal Age |
| 8:26 | Build | Palisade Wall |
| 10:10 | Build | Palisade Wall |
| 10:19 | Build | Palisade Wall |
| 10:38 | Create | Villager (Male) |
| 10:38 | Create | Villager (Male) |
| 10:50 | Age | Feudal Age |
| 10:54 | Build | Market |
| 10:57 | Build | Blacksmith |
| 11:07 | Build | Palisade Wall |
| 11:55 | Build | Palisade Wall |
| 11:59 | Research | Castle Age |
| 11:59 | Research | Castle Age |
| 12:22 | Build | House |
| 12:27 | Research | Double-Bit Axe |
| 12:29 | Build | Palisade Wall |
| 12:39 | Build | Mining Camp |
| 13:14 | Build | Palisade Wall |
| 13:18 | Build | Palisade Wall |
| 13:19 | Create | Villager (Male) |
| 13:39 | Create | Villager (Male) |
| 13:51 | Build | Farm |
| 13:52 | Build | Farm |
| 13:56 | Create | Villager (Male) |
| 13:59 | Build | Farm |
| 14:00 | Create | Villager (Male) |
| 14:09 | Build | Palisade Wall |
| 14:10 | Build | Palisade Wall |
| 14:13 | Build | Palisade Wall |
| 14:14 | Build | Palisade Wall |
| 14:26 | Build | Palisade Gate |
| 14:39 | Age | Castle Age |
| 14:53 | Build | Castle |
| 15:07 | Build | Palisade Gate |
| 15:09 | Build | House |
| 15:10 | Create | Villager (Male) |
| 15:18 | Build | Palisade Wall |
| 15:23 | Build | Palisade Wall |
| 15:40 | Build | Palisade Wall |
| 15:41 | Build | Palisade Wall |
| 15:41 | Build | Palisade Wall |
| 15:42 | Build | Palisade Wall |
| 15:45 | Create | Organ Gun |
| 16:00 | Create | Organ Gun |
| 16:13 | Create | Villager (Male) |
| 16:16 | Create | Organ Gun |
| 16:48 | Create | Organ Gun |
| 16:57 | Create | Organ Gun |
| 17:06 | Create | Villager (Male) |
| 17:25 | Build | Farm |
| 17:33 | Create | Villager (Male) |
| 17:37 | Build | Farm |
| 18:03 | Create | Organ Gun |
| 18:12 | Create | Organ Gun |
| 18:18 | Build | Farm |
| 18:27 | Create | Villager (Male) |
| 18:38 | Create | Organ Gun |
| 18:38 | Create | Organ Gun |
| 18:52 | Create | Organ Gun |
| 19:04 | Create | Villager (Male) |
| 19:14 | Create | Organ Gun |
| 19:21 | Create | Villager (Male) |
| 19:53 | Create | Organ Gun |
| 19:54 | Create | Villager (Male) |
| 19:55 | Create | Organ Gun |
| 20:08 | Create | Organ Gun |
| 20:25 | Create | Villager (Male) |
| 20:32 | Create | Organ Gun |
| 20:46 | Create | Organ Gun |
| 20:46 | Create | Villager (Male) |
Match timeline
| 6:56 | RedPhosphoru · wall_segment Palisade Wall x1 |
| 6:57 | RedPhosphoru · wall_segment Palisade Wall x1 |
| 6:57 | RedPhosphoru · wall_segment Palisade Wall x1 |
| 6:58 | RedPhosphoru · wall_segment Palisade Wall x1 |
| 6:58 | RedPhosphoru · wall_segment Palisade Wall x1 |
| 6:59 | RedPhosphoru · wall_segment Palisade Wall x1 |
| 7:10 | RedPhosphoru · wall_segment Palisade Wall x1 |
| 7:11 | RedPhosphoru · wall_segment Palisade Wall x1 |
| 7:28 | Biry · first_building Barracks |
| 7:30 | RedPhosphoru · wall_segment Palisade Wall x6 |
| 8:23 | RedPhosphoru · wall_segment Palisade Wall x1 |
| 8:24 | RedPhosphoru · wall_segment Palisade Wall x1 |
| 8:26 | RedPhosphoru · wall_segment Palisade Wall x1 |
| 8:56 | Biry · age_up feudal |
| 8:59 | Biry · first_building Stable |
| 10:10 | RedPhosphoru · wall_segment Palisade Wall x1 |
| 10:19 | RedPhosphoru · wall_segment Palisade Wall x1 |
| 10:36 | Biry · wall_segment Palisade Wall x1 |
| 10:36 | Biry · wall_segment Palisade Wall x1 |
| 10:37 | Biry · wall_segment Palisade Wall x1 |
| 10:37 | Biry · wall_segment Palisade Wall x1 |
| 10:50 | RedPhosphoru · age_up feudal |
| 11:07 | RedPhosphoru · wall_segment Palisade Wall x1 |
| 11:45 | Biry · wall_segment Palisade Wall x8 |
| 11:47 | Biry · wall_segment Palisade Wall x13 |
| 11:47 | RedPhosphoru · first_market_sell 100 food |
| 11:55 | RedPhosphoru · wall_segment Palisade Wall x1 |
| 12:29 | RedPhosphoru · wall_segment Palisade Wall x1 |
| 13:14 | RedPhosphoru · wall_segment Palisade Wall x2 |
| 13:18 | RedPhosphoru · wall_segment Palisade Wall x1 |
| 13:56 | Biry · wall_segment Palisade Wall x1 |
| 13:57 | Biry · wall_segment Palisade Wall x1 |
| 13:57 | Biry · wall_segment Palisade Wall x1 |
| 14:09 | RedPhosphoru · wall_segment Palisade Wall x1 |
| 14:10 | RedPhosphoru · wall_segment Palisade Wall x1 |
| 14:13 | RedPhosphoru · wall_segment Palisade Wall x1 |
| 14:14 | RedPhosphoru · wall_segment Palisade Wall x1 |
| 14:39 | RedPhosphoru · age_up castle |
| 14:43 | RedPhosphoru · first_market_buy 100 stone |
| 14:53 | RedPhosphoru · first_building Castle |
| 15:18 | RedPhosphoru · wall_segment Palisade Wall x1 |
| 15:23 | RedPhosphoru · wall_segment Palisade Wall x1 |
| 15:40 | Biry · wall_segment Stone Wall x10 |
| 15:40 | RedPhosphoru · wall_segment Palisade Wall x1 |
| 15:41 | RedPhosphoru · wall_segment Palisade Wall x1 |
| 15:41 | RedPhosphoru · wall_segment Palisade Wall x1 |
| 15:42 | RedPhosphoru · wall_segment Palisade Wall x1 |
| 16:08 | Biry · wall_segment Stone Wall x19 |
| 16:22 | Biry · wall_segment Stone Wall x6 |
| 16:24 | Biry · wall_segment Stone Wall x9 |
| 18:54 | Biry · wall_segment Stone Wall x3 |
| 19:16 | Biry · wall_segment Stone Wall x3 |
| 19:22 | Biry · wall_segment Stone Wall x1 |
| 21:05 | Biry · resign |
[ AI ANALYSIS · 1 CREDIT ]
What really happened in this match?
Wolo.gg analyzes every decision: build order, eco, micro, common mistakes by bracket. Personalized analysis on WhatsApp or Discord in 30 seconds.
Civ guide
Poles
Perfil
Jugador #23053479